 Dungeon Crawl Stone Soup version 0.28-a0-1387-g3a22ab9bdc (webtiles) character file.

Game seed: 9403584462266118935

2167 HallandMoats the Skirmisher (level 9, -6/72 HPs)
             Began as a Demonspawn Fighter on Jan 2, 2022.
             Was an Initiate of Qazlal.
             Mangled by a two-headed ogre (28 damage)
             ... on level 7 of the Dungeon.
             The game lasted 00:16:33 (5717 turns).

HallandMoats the Skirmisher (Demonspawn Fighter)    Turns: 5717, Time: 00:16:33

Health: -6/72      AC:  6    Str: 21    XL:     9   Next: 10%
Magic:  7/7        EV: 12    Int: 10    God:    Qazlal [......]
Gold:   83         SH:  5    Dex: 11    Spells: 8/8 levels left

rFire   . . .      SeeInvis .   a - +9 hand axe "Nedatso" {antimagic, Str+2}
rCold   + . .      Faith    .   c - +0 buckler
rNeg    + + .      Spirit   .   i - +1 robe "Tiutetez" {rElec rN++ Regen+ Dex-3}
rPois   .          Reflect  .   (no helmet)
rElec   +          Harm     .   (no cloak)
rCorr   .          Rampage  .   (no gloves)
Will    .....                   g - +0 pair of boots
Stlth   +.........              (no amulet)
HPRegen 1.02/turn               j - ring of protection from cold
MPRegen 0.10/turn               l - ring of magical power

@: no status effects
A: claws 1, icy blue scales 1, powered by death 2, spiny 1
a: Renounce Religion


You were on level 7 of the Dungeon.
You worshipped Qazlal.
Qazlal was noncommittal.
You visited 2 branches of the dungeon, and saw 8 of its levels.
You also visited: Sewer.

You collected 243 gold pieces.
You spent 160 gold pieces at shops.

Inventory:

Hand Weapons
 a - the +9 hand axe "Nedatso" (weapon) {antimagic, Str+2}
   (You bought it in a shop on level 5 of the Dungeon)

   It reduces the magical energy of the wielder, and disrupts the spells and
   magical abilities of those it strikes.
   Natural abilities and divine invocations are not affected.
   Str:       It affects your strength (+2).
 b - a +2 short sword of electrocution
Missiles
 d - 3 throwing nets (quivered)
Armour
 c - a +0 buckler (worn)
 g - a +0 pair of boots (worn)
 i - the +1 robe "Tiutetez" (worn) {rElec rN++ Regen+ Dex-3}
   (You found it on level 2 of the Dungeon)

   Dex:       It affects your dexterity (-3).
   rElec:     It insulates you from electricity.
   rN:        It greatly protects you from negative energy.
   Regen:     It increases your rate of health regeneration.
Jewellery
 j - a ring of protection from cold (left claw)
 l - a ring of magical power (right claw)
 t - a ring of see invisible
Wands
 r - a wand of acid (21)
 z - a wand of polymorph (6)
 B - a wand of flame (20)
Scrolls
 e - a scroll of vulnerability {unknown}
 f - 4 scrolls of identify
 h - 2 scrolls of immolation {unknown}
 k - a scroll of acquirement {unknown}
 m - 3 scrolls of magic mapping {unknown}
 n - a scroll of fog {unknown}
 q - 2 scrolls of teleportation {unknown}
 v - 3 scrolls of enchant weapon {unknown}
Potions
 o - 3 potions of lignification
 p - a potion of ambrosia {unknown}
 s - 4 potions of curing {unknown}
 u - 2 potions of mutation {unknown}
 w - 2 potions of invisibility {unknown}
 x - 2 potions of cancellation
 y - a potion of resistance {unknown}
 A - 2 potions of berserk rage
 C - a potion of haste {unknown}
 D - a potion of heal wounds {unknown}


   Skills:
 + Level 7.5 Fighting
 + Level 4.0 Axes
 + Level 4.5 Armour
 + Level 1.9 Dodging
 - Level 1.0 Stealth
 + Level 5.6 Shields
 - Level 3.3 Unarmed Combat
 * Level 4.4 Invocations


You had 8 spell levels left.
You didn't know any spells.
Your spell library contained the following spells:

 Spells                   Type           Power      Damage    Failure   Level
 Freeze                   Ice            0%         1d3       36%         1
 Ensorcelled Hibernation  Hex/Ice        0%         N/A       50%         2
 Dazzling Flash           Conj/Hex       0%         N/A       75%         3
 Frozen Ramparts          Ice            0%         1d2       75%         3
 Gell's Gravitas          Tloc           0%         N/A       75%         3
 Spider Form              Tmut/Pois      0%         N/A       75%         3
 Teleport Other           Tloc           0%         N/A       75%         3
 Hailstorm                Conj/Ice       0%         3d3       98%         4
 Agony                    Necr           0%         N/A       100%        5
 Iskenderun's Battlesphe  Conj           0%         2d6       100%        5
 Silence                  Hex/Air        0%         N/A       100%        5
 Dispersal                Tloc           0%         N/A       100%        6
 Iron Shot                Conj/Erth      0%         9d1       100%        6
 Spellforged Servitor     Conj/Summ      0%         N/A       100%        7


Dungeon Overview and Level Annotations

Branches:
Dungeon (7/15)             Temple (1/1) D:5           Sewer (visited)

Altars:
Ashenzari
Cheibriados
Dithmenos
Fedhas
Gozag
Hepliaklqana
Kikubaaqudgha
Nemelex Xobeh
Okawaru
Qazlal
Ru
Sif Muna
Trog
Uskayaw
Vehumet
Xom
Yredelemnul
Zin
The Shining One

Shops:
D:1 (   D:5 (


Innate Abilities, Weirdness & Mutations

You have sharp fingernails.
You are partially covered in icy blue scales. (AC +2)
You regenerate health from kills.
You are partially covered in sharp spines.


Message History

The sky beast is struck by your spines.
The sky beast hits you but does no damage.
You barely miss the sky beast.
The sky beast is severely wounded.
The sky beast is struck by your spines. The sky beast closely misses you.
You slash the sky beast!
You kill the sky beast!
Qazlal accepts your kill.
Your Axes skill increases to level 4!
You see here a +0 robe.
You see here 5 javelins.
Found a dagger.
Found 13 bolts.
s - 4 sedimented amethyst potions (gained 1)
A two-headed ogre comes into view.
It is wielding a +0 giant spiked club and a +0 giant club.
The two-headed ogre shouts in stereo!
You see here 7 gold pieces.
The two-headed ogre is struck by your spines.
The two-headed ogre hits you with a +0 giant spiked club!!
The two-headed ogre hits you with a +0 giant club!
You barely miss the two-headed ogre.
The two-headed ogre is lightly wounded.
The two-headed ogre completely misses you.
The two-headed ogre hits you with a +0 giant club.
You slash the two-headed ogre!
The two-headed ogre is lightly wounded.
The two-headed ogre is struck by your spines.
The two-headed ogre closely misses you.
The two-headed ogre hits you with a +0 giant club!
* * * LOW HITPOINT WARNING * * *
You slash the two-headed ogre!
The two-headed ogre is heavily wounded.
The two-headed ogre misses you. You block the two-headed ogre's attack.
You slash the two-headed ogre!
The two-headed ogre is heavily wounded.
You hit the two-headed ogre.
The two-headed ogre is severely wounded.
The two-headed ogre is struck by your spines.
The two-headed ogre hits you with a +0 giant spiked club!!
You die...

......+....
......#................#
.......................#
#####.#.................
..........###...........
........................
..............#.........
..............#.O.......
..........# #.@.......
..).......# #......###
...##..#..# #$........
...##..#..## #...#####.
+####..#...####...#
................#
####.#.#.##.###.#
..............#
###.#.#....#####


You could see a two-headed ogre.

Vanquished Creatures
  A wyvern (D:5)
  Menkaure (D:4)
  A water moccasin (D:5)
  2 sky beasts
  3 ogres
  2 bullfrogs (Sewer)
  A water moccasin zombie (D:5)
  6 wights
  7 orc priests
  2 bullfrog skeletons
  2 centaur skeletons (D:6)
  2 hounds (D:5)
  An iguana (D:6)
  6 orc wizards
  A hound skeleton (D:4)
  3 gnolls (D:5)
  11 adders
  A howler monkey skeleton (D:5)
  8 river rats (Sewer)
  An ufetubus (D:5)
  An adder zombie (D:5)
  3 worms
  5 dart slugs
  17 orcs
  21 ball pythons
  5 bats
  7 endoplasms
  5 giant cockroaches
  8 goblins
  9 hobgoblins
  3 jackals (D:3)
  7 quokkas
  8 frilled lizards
  12 kobolds
  25 rats
198 creatures vanquished.

Vanquished Creatures (others)
  5 plants (D:2)
5 creatures vanquished.

Grand Total: 203 creatures vanquished

Notes
Turn   | Place    | Note
-------+----------+-------------------------------------------
     0 | D:1      | HallandMoats the Demonspawn Fighter began the quest for the
                  | Orb.
     0 | D:1      | Reached XP level 1. HP: 18/18 MP: 1/1
   201 | D:1      | Gained mutation: You regenerate a little health from kills.
                  | [demonic ancestry]
   201 | D:1      | Reached XP level 2. HP: 23/24 MP: 2/2
   625 | D:1      | Found Qoixim's Weapon Shoppe.
   632 | D:1      | Reached skill level 4 in Fighting
   981 | D:1      | Gained mutation: You have sharp fingernails. [demonic
                  | ancestry]
   981 | D:1      | Reached XP level 3. HP: 30/30 MP: 3/3
  1119 | D:2      | Identified the +1 robe "Tiutetez" {rElec rN++ Regen+ Dex-3}
  1150 | D:2      | Found a hide-covered altar of Uskayaw.
  1202 | D:2      | Found a faded altar of an unknown god.
  1491 | D:2      | Gained mutation: You are partially covered in sharp spines.
                  | [demonic ancestry]
  1491 | D:2      | Reached XP level 4. HP: 37/38 MP: 4/4
  1496 | D:2      | Reached skill level 1 in Unarmed Combat
  1856 | D:3      | Found a glowing drain.
  1866 | Sewer    | Entered a sewer
  1904 | Sewer    | Reached skill level 5 in Fighting
  2041 | Sewer    | Reached XP level 5. HP: 39/44 MP: 5/5
  2123 | Sewer    | Reached skill level 1 in Stealth
  2279 | Sewer    | Gained mutation: You are partially covered in icy blue
                  | scales. (AC +2) [demonic ancestry]
  2279 | Sewer    | Reached XP level 6. HP: 35/51 MP: 6/6
  2468 | D:3      | Found a basalt altar of Yredelemnul.
  3111 | D:4      | Reached skill level 6 in Fighting
  3136 | D:4      | Gained mutation: You regenerate health from kills. [demonic
                  | ancestry]
  3136 | D:4      | Reached XP level 7. HP: 58/58 MP: 7/7
  3190 | D:4      | Found a sparkling altar of Nemelex Xobeh.
  3190 | D:4      | Found an opulent altar of Gozag.
  3207 | D:4      | Noticed Menkaure
  3215 | D:4      | Killed Menkaure
  3602 | D:4      | Found an ancient bone altar of Kikubaaqudgha.
  3686 | D:5      | Entered Level 5 of the Dungeon
  3709 | D:5      | Noticed a wyvern
  3722 | D:5      | Killed a wyvern
  3731 | D:5      | Reached XP level 8. HP: 31/65 MP: 8/8
  3983 | D:5      | Reached skill level 5 in Shields
  4081 | D:5      | Found a staircase to the Ecumenical Temple.
  4092 | D:5      | Reached skill level 7 in Fighting
  4095 | Temple   | Entered the Ecumenical Temple
  4269 | Temple   | Became a worshipper of Qazlal Stormbringer
  4369 | D:5      | Found Ykiqyphi's Antique Weapon Emporium.
  4383 | D:5      | Bought an ichor-stained hand axe for 160 gold pieces
  4383 | D:5      | Identified the +9 hand axe "Nedatso" {antimagic, Str+2}
                  | (You bought it in a shop on level 5 of the Dungeon)
  4500 | D:5      | Reached skill level 1 in Invocations
  5075 | D:6      | Reached skill level 1 in Dodging
  5375 | D:6      | Reached XP level 9. HP: 72/72 MP: 6/11
  5560 | D:6      | Found a broken altar of Ashenzari.
  5709 | D:7      | Noticed a two-headed ogre
  5717 | D:7      | Mangled by a two-headed ogre

Illustrated notes

Levels and vault maps discovered:
D:1:      scummos_arrival_forest, layout_basic, serial_shops,
          nicolae_shop_bloodbath_and_beyond, minmay_ruptured
D:2:      layout_rooms, basic_altar, hellmonk_ecumenical_altar_slurped_away,
          chequers_big_river, minmay_bisected
D:3:      layout_loops_ring, yredelemnul_altar_generic, gup_sewer_entry_bubbles
D:4:      layout_cave_pools, nicolae_overflow_hidden_temple,
          grunt_temple_overflow_opulence, uniq_menkaure
D:5:      kennysheep_big_flooded_room, layout_basic,
          minmay_temple_entry_statues_pillars, serial_shops, shop_fountains,
          dk_vineyard_1, lemuel_flamethrower_1
D:6:      layout_gridville, gammafunk_temple_overflow_pools, item_on_display_a
D:7:      minmay_chambers_of_sevens, layout_basic, mainiacjoe_overflow_brackets,
          jmf_multi_god_temple, uniq_pikel, uniq_harold
Temple:   minmay_temple_bridge_abc

Skill      XL: |  1  2  3  4  5  6  7  8  9 |
---------------+----------------------------+-----
Fighting       | 4 5 6 7 |  7.5
Unarmed Combat | 1 2 3 |  3.3
Shields        | 3 4 5 |  5.6
Stealth        | 1 |  1.0
Axes           | 2 3 4 |  4.0
Armour         | 3 4 |  4.5
Invocations    | 3 4 |  4.4
Dodging        | 1 |  1.9

Action                   |  1- 3 |  4- 6 |  7- 9 || total
-------------------------+-------+-------+-------++-------
Melee: War axe           |   115 |   128 |       ||   243
       Short sword       |       |     9 |    59 ||    68
       Hand axe          |       |       |    83 ||    83
  Use: Potion            |       |       |     1 ||     1
       Scroll            |       |       |     5 ||     5
 Stab: Sleeping          |     1 |     1 |     2 ||     4
Armor: Scale mail        |    62 |       |       ||    62
       Robe              |    13 |    51 |    48 ||   112
Dodge: Dodged            |    92 |   101 |    81 ||   274
Block: Buckler           |    26 |    33 |    30 ||    89

Table legend: (Time is in decaauts)
 A = Elapsed time spent in this place.
 B = Non-inter-level travel time spent in this place.
 C = Inter-level travel time spent in this place.
 D = Time resting spent in this place.
 E = Time spent auto-exploring this place.
 F = Levels seen in this place.
 G = Mean time per level.
                   A        B        C        D        E       F      G
               +--------+--------+--------+--------+--------+-----+--------+
         Total |   5947 |   5817 |    130 |    552 |   3491 |   9 |  660.8 |
       Dungeon |   5216 |   5086 |    130 |    434 |   3187 |   7 |  745.1 |
        Temple |    202 |    202 |      0 |      0 |    167 |   1 |  202.0 |
         Sewer |    527 |    527 |      0 |    118 |    137 |   1 |  527.0 |
               +--------+--------+--------+--------+--------+-----+--------+

Top non-repeatable levels by time:
     D:5: 1158 daAuts
     D:1: 1046 daAuts
     D:3: 934 daAuts
     D:2: 781 daAuts
     D:4: 632 daAuts
     D:6: 601 daAuts
   Sewer: 527 daAuts
  Temple: 202 daAuts
     D:7: 61 daAuts
